 Dungeon Crawl Stone Soup version 0.27-a0-333-gfa571bf19a (webtiles) character file.

Game seed: 8801828623147257295

4 greenwhat the Slasher (level 1, 0/20 HPs)
             Began as a Minotaur Berserker on Feb 13, 2021.
             Was a Follower of Trog.
             Slain by a bat (1 damage)
             ... on level 1 of the Dungeon.
             The game lasted 00:01:03 (110 turns).

greenwhat the Slasher (Minotaur Berserker)           Turns: 110, Time: 00:01:04

Health: 0/20       AC:  2    Str: 21    XL:     1   Next: 58%
Magic:  0/0        EV: 12    Int:  4    God:    Trog [*.....]
Gold:   0          SH:  0    Dex:  9    Spells: 0/0 levels left

rFire    . . .     SeeInvis .   a - +0 falchion
rCold    . . .     Faith    .   (no shield)
rNeg     . . .     Spirit   .   b - +0 animal skin
rPois    .         Reflect  .   (helmet restricted)
rElec    .         Harm     .   (no cloak)
rCorr    .         Rampage  .   (no gloves)
Will     .....                  (no boots)
Stlth    +.........             (no amulet)
HPRegen  0.06/turn              (no ring)
MPRegen  0.07/turn              (no ring)

@: no status effects
A: retaliatory headbutt, horns 2
a: Renounce Religion, Berserk


You were on level 1 of the Dungeon.
You worshipped Trog.
Trog was aware of your devotion.
You visited 1 branch of the dungeon, and saw 1 of its levels.

Inventory:

Hand Weapons
 a - a +0 falchion (weapon)
Missiles
 c - 29 stones
Armour
 b - a +0 animal skin (worn)
Scrolls
 d - a scroll of teleportation


   Skills:
 + Level 3.8 Fighting
 + Level 3.8 Long Blades
 + Level 2.5 Armour
 + Level 2.2 Dodging


You couldn't memorise any spells.
You didn't know any spells.
Your spell library was empty.

Dungeon Overview and Level Annotations

Branches:
Dungeon (1/15)

Altars:


Innate Abilities, Weirdness & Mutations

You reflexively headbutt those who attack you in melee.
You have a pair of horns on your head.


Message History

c - 8 stones (gained 3)
You see here a kobold corpse.
There are no objects that can be picked up here. a kobold corpse
c - 29 stones (gained 21)
As you read the scroll labelled ETZOVE EZYPS, it crumbles to dust.
You feel strangely unstable.
It was a scroll of teleportation.
Your surroundings suddenly seem different.
A goblin comes into view. It is wielding a +0 club.
The goblin shouts!
A bat comes into view. x3; A giant cockroach comes into view.
Found a club.
The bat barely misses you. The bat misses you.
The giant cockroach bites you but does no damage.
The bat hits you but does no damage. The bat barely misses you.
You furiously retaliate!
You headbutt the bat!
You kill the bat!
Trog accepts your kill.
The giant cockroach bites you but does no damage.
The bat barely misses you. The bat hits you but does no damage.
The bat closely misses you. You furiously retaliate!
You headbutt the bat.
You kill the bat!
Trog accepts your kill. The bat hits you but does no damage.
The bat barely misses you. The bat barely misses you.
The giant cockroach bites you but does no damage.
The bat hits you but does no damage.
The giant cockroach bites you but does no damage.
The bat hits you but does no damage. The bat barely misses you.
The bat hits you.
* * * LOW HITPOINT WARNING * * *
You open the door. The bat hits you but does no damage. The bat hits you.
* * * LOW HITPOINT WARNING * * *
The goblin hits you with a +0 club.
* * * LOW HITPOINT WARNING * * *
The bat closely misses you.
There is an open door here.
The bat hits you.
You die...

#......#
#..†...#
#......#
#......#
#......##
#gB.......
#.##....).
###b##.......
#..@.#.......
#....#.###..
#....# ..
......#
##.....#
#..#+## ##.
#)


You could see a giant cockroach, a goblin and a bat.

Vanquished Creatures
  2 bats (D:1)
  A frilled lizard (D:1)
  3 kobolds (D:1)
6 creatures vanquished.

Notes
Turn   | Place    | Note
-------+----------+-------------------------------------------
     0 | D:1      | greenwhat the Minotaur Berserker began the quest for the
                  | Orb.
     0 | D:1      | Reached XP level 1. HP: 19/19 MP: 0/0
   108 | D:1      | HP: 1/20 [goblin/+0 club (1)]
   110 | D:1      | Slain by a bat

Illustrated notes

Levels and vault maps discovered:
D:1:      lightli_arrival_boilingwater, layout_basic,
          chequers_serial_rivers_marsh

Action                   || total
-------------------------++-------
Melee: Falchion          ||    13
       Headbutt          ||     1
  Use: Scroll            ||     1
Armor: Animal skin       ||    11
Dodge: Dodged            ||    16
       Rpst.: Falchion   ||     2

Table legend: (Time is in decaauts)
 A = Elapsed time spent in this place.
 B = Non-inter-level travel time spent in this place.
 C = Inter-level travel time spent in this place.
 D = Time resting spent in this place.
 E = Time spent auto-exploring this place.
 F = Levels seen in this place.
 G = Mean time per level.
                   A        B        C        D        E       F      G
               +--------+--------+--------+--------+--------+-----+--------+
         Total |    115 |    115 |      0 |      0 |      0 |   1 |  115.0 |
       Dungeon |    115 |    115 |      0 |      0 |      0 |   1 |  115.0 |
               +--------+--------+--------+--------+--------+-----+--------+

Top non-repeatable levels by time:
     D:1: 115 daAuts
